 Dungeon Crawl Stone Soup version 0.29-a0-598-gd8304a5bf4 (webtiles) character file.

Game seed: 12898828156002845632

99 vulpzor the Slasher (level 4, 0/41 HPs)
             Began as a Minotaur Monk on June 16, 2022.
             Was a Plaything of Xom.
             Slain by a quasit (1 damage)
             ... summoned by Xom
             ... on level 3 of the Dungeon.
             The game lasted 00:07:46 (2110 turns).

vulpzor the Slasher (Minotaur Monk)                 Turns: 2110, Time: 00:07:48

Health: 0/41       AC:  2    Str: 22      XL:     4   Next: 45%
Magic:  3/3        EV: 13    Int:  7      God:    Xom [....*.]
Gold:   132        SH:  0    Dex: 13 (14) Spells: 3/3 levels left

rFire   x . .      SeeInvis .   a - +0 falchion
rCold   + . .      Faith    .   (no shield)
rNeg    . . .      Spirit   .   b - +0 robe
rPois   .          Reflect  .   (helmet restricted)
rElec   .          Harm     .   (no cloak)
rCorr   .          Rampage  .   (no gloves)
Will    .....                   (no boots)
Stlth   ++........              (no amulet)
HPRegen 0.13/turn               g - +6 ring of strength
MPRegen 0.08/turn               l - ring of ice

@: no status effects
A: horns 2, retaliatory headbutt
a: Renounce Religion


You were on level 3 of the Dungeon.
You worshipped Xom.
You were a beloved toy of Xom.
You visited 1 branch of the dungeon, and saw 3 of its levels.

You collected 132 gold pieces.

Inventory:

Hand Weapons
 a - a +0 falchion (weapon)
 q - a +0 dagger of venom
Armour
 b - a +0 robe (worn)
Jewellery
 g - a +6 ring of strength (left hand)
 l - a ring of ice (right hand)
Wands
 t - a wand of iceblast (8)
Scrolls
 d - 5 scrolls of identify {unknown}
 e - a scroll of brand weapon {unknown}
 f - 2 scrolls of fear {unknown}
 h - a scroll of teleportation {unknown}
 j - 2 scrolls of enchant armour {unknown}
 r - a scroll of summoning {unknown}
Potions
 c - a potion of ambrosia
 i - a potion of berserk rage {unknown}
 k - 3 potions of curing {unknown}
 m - 3 potions of might {unknown}
 n - a potion of resistance {unknown}
 o - a potion of heal wounds {unknown}
 p - 2 potions of haste {unknown}
 s - 2 potions of brilliance {unknown}
 u - a potion of magic {unknown}


   Skills:
 + Level 4.4 Fighting
 + Level 4.5 Long Blades
 + Level 4.1 Dodging
 + Level 2.4 Stealth


You had 3 spell levels left.
You didn't know any spells.
Your spell library contained the following spells:

 Spells                   Type           Power      Damage    Failure   Level
 Conjure Flame            Conj/Fire      0%         6-21      80%         3
 Ignite Poison            Fire/Tmut/Pois 0%         N/A       80%         3
 Mephitic Cloud           Conj/Pois/Air  0%         N/A       80%         3
 Sticky Flame             Conj/Fire      0%         2d3       99%         4
 Freezing Cloud           Conj/Ice/Air   0%         6-21      100%        5


Dungeon Overview and Level Annotations

Branches:
Dungeon (3/15)

Altars:
Xom


Innate Abilities, Weirdness & Mutations

You have a pair of horns on your head.
You reflexively headbutt those who attack you in melee.


Message History

The quasit completely misses you. You furiously retaliate!
You headbutt the quasit. The quasit closely misses you.
The quasit barely misses you. The shadow imp barely misses you.
You hit the shadow imp but do no damage.
You headbutt the shadow imp.
The shadow imp is almost dead.
The quasit bites you.
The quasit claws you but does no damage.
The quasit claws you. The quasit bites you. The quasit barely misses you.
The quasit misses you. The shadow imp hits you.
* * * LOW HITPOINT WARNING * * *
You closely miss the shadow imp.
The shadow imp is almost dead.
The quasit barely misses you. The quasit misses you.
The quasit completely misses you.
The quasit bites you but does no damage.
The quasit barely misses you. The quasit closely misses you.
The shadow imp misses you. The quasit barely misses you. The quasit misses you.
The quasit barely misses you.
You barely miss the shadow imp. Your headbutt misses the shadow imp.
The shadow imp is almost dead.
The quasit barely misses you. The quasit misses you.
The quasit barely misses you. The shadow imp hits you.
* * * LOW HITPOINT WARNING * * *
The quasit bites you.
* * * LOW HITPOINT WARNING * * *
The quasit barely misses you. x2; The quasit bites you.
* * * LOW HITPOINT WARNING * * *
You feel clumsy.
The quasit claws you but does no damage.
The quasit claws you.
* * * LOW HITPOINT WARNING * * *
You hit the shadow imp.
You kill the shadow imp!
The shadow imp disappears in a puff of smoke!
The quasit bites you.
* * * LOW HITPOINT WARNING * * *
The quasit claws you.
You die... "What!?
That's it?"

### ..## # ###
... #.
..#..###.#
##..##.......
#.........###.#
......5@5.....#
.###.##§#######
#.# # #.#######
...##.......#
#.............#
####.###......#
.. #......# #.#
#†.....#


You could see 2 quasits.

Vanquished Creatures
  3 adders
  An ufetubus (D:3)
  A dart slug (D:1)
  An orc (D:3)
  2 endoplasms
  4 giant cockroaches
  4 goblins
  4 hobgoblins
  4 quokkas
  9 ball pythons
  14 bats
  3 frilled lizards
  7 kobolds
  6 rats
63 creatures vanquished.

Notes
Turn   | Place    | Note
-------+----------+-------------------------------------------
     0 | D:1      | vulpzor the Minotaur Monk began the quest for the Orb.
     0 | D:1      | Reached XP level 1. HP: 19/19 MP: 0/0
   258 | D:1      | Reached XP level 2. HP: 22/27 MP: 1/1
   458 | D:1      | Found a faded altar of an unknown god.
   579 | D:1      | Prayed at the altar of an unknown god.
   579 | D:1      | Became a worshipper of Xom of Chaos
   899 | D:2      | Reached XP level 3. HP: 32/33 MP: 2/2
  1219 | D:2      | XOM: noise
  1277 | D:2      | XOM is BORED!
  1277 | D:2      | XOM: noise
  1527 | D:2      | XOM: silly message
  1584 | D:3      | XOM: divination: magic mapping
  1589 | D:3      | Reached XP level 4. HP: 40/40 MP: 3/3
  1749 | D:3      | XOM: noise
  1981 | D:3      | XOM: 1-stop teleportation journey
  2103 | D:3      | XOM is BORED!
  2103 | D:3      | XOM: summons 3 hostile demons
  2109 | D:3      | HP: 2/41 [quasit[Xom] (1)]
  2110 | D:3      | Slain by a quasit

Illustrated notes

Levels and vault maps discovered:
D:1:      psy_arrival_radial01, layout_rooms, hellmonk_ecumenical_altar_run_dry
D:2:      minmay_skewed_foursquare, layout_loops_ring
D:3:      layout_loops_cross, small_statue_intersection, minmay_misc_feat_tiny,
          st_stairs_2, uniq_crazy_yiuf_cottage

Skill      XL: |  1  2  3  4 |
---------------+-------------+-----
Stealth        | 2 |  2.4
Fighting       | 4 |  4.4
Long Blades    | 4 |  4.5
Dodging        | 4 |  4.1

Action                   |  1- 3 |  4- 6 || total
-------------------------+-------+-------++-------
Melee: Falchion          |    77 |    46 ||   123
       Headbutt          |    12 |     5 ||    17
       Punch             |     1 |       ||     1
 Stab: Sleeping          |     3 |     1 ||     4
Armor: Robe              |    15 |    16 ||    31
Dodge: Dodged            |    69 |    59 ||   128

Table legend: (Time is in decaauts)
 A = Elapsed time spent in this place.
 B = Non-inter-level travel time spent in this place.
 C = Inter-level travel time spent in this place.
 D = Time resting spent in this place.
 E = Time spent auto-exploring this place.
 F = Levels seen in this place.
 G = Mean time per level.
                   A        B        C        D        E       F      G
               +--------+--------+--------+--------+--------+-----+--------+
         Total |   2120 |   2120 |      0 |      0 |   1636 |   3 |  706.7 |
       Dungeon |   2120 |   2120 |      0 |      0 |   1636 |   3 |  706.7 |
               +--------+--------+--------+--------+--------+-----+--------+

Top non-repeatable levels by time:
     D:1: 891 daAuts
     D:2: 668 daAuts
     D:3: 560 daAuts
